 Dungeon Crawl Stone Soup version 0.27-a0-1312-g5cdb2b3542 (webtiles) character file.

Game seed: 2621697124486965274

81 spiderkeys the Skirmisher (level 4, 0/41 HPs)
             Began as a Gnoll Abyssal Knight on June 21, 2021.
             Was a Believer of Lugonu.
             Slain by a gnoll (1 damage)
             ... on level 3 of the Dungeon.
             The game lasted 00:04:24 (2807 turns).

spiderkeys the Skirmisher (Gnoll Abyssal Knight)    Turns: 2807, Time: 00:04:25

Health: 0/41       AC:  7    Str: 12    XL:     4   Next: 42%
Magic:  6/7        EV:  9    Int: 11    God:    Lugonu [**....]
Gold:   70         SH:  0    Dex: 12    Spells: 5/5 levels left

rFire    . . .     SeeInvis .   b - +0 trident
rCold    . . .     Faith    .   (no shield)
rNeg     . . .     Spirit   .   h - +0 scale mail
rPois    .         Reflect  .   (no helmet)
rElec    .         Harm     .   j - scarf {shadows}
rCorr    .         Rampage  .   (no gloves)
Will     .....                  (no boots)
Stlth    ..........             (no amulet)
HPRegen  0.13/turn              (no ring)
MPRegen  0.10/turn              (no ring)

@: no status effects
A: fangs 1, strong nose, distributed training
a: Renounce Religion, Depart the Abyss, Bend Space


You were on level 3 of the Dungeon.
You worshipped Lugonu.
Lugonu was pleased with you.
You visited 1 branch of the dungeon, and saw 3 of its levels.
You visited the Abyss 1 time.

You collected 70 gold pieces.


Innate Abilities, Weirdness & Mutations

You have very sharp teeth.
Your uncanny sense of smell can sniff out nearby items.
Your experience applies equally to all skills.


   Skills:
 + Level 6.6 Fighting
 + Level 1.1 Short Blades
 + Level 1.1 Long Blades
 + Level 1.1 Axes
 + Level 1.1 Maces & Flails
 + Level 4.6 Polearms
 + Level 1.1 Staves
 + Level 1.1 Slings
 + Level 1.1 Bows
 + Level 1.1 Crossbows
 + Level 1.1 Throwing
 + Level 4.6 Armour
 + Level 2.7 Dodging
 + Level 1.1 Stealth
 + Level 1.1 Shields
 + Level 1.1 Unarmed Combat
 + Level 1.1 Spellcasting
 + Level 0.9 Conjurations
 + Level 0.9 Hexes
 + Level 0.9 Summonings
 + Level 0.9 Necromancy
 + Level 0.9 Translocations
 + Level 0.9 Transmutations
 + Level 0.9 Fire Magic
 + Level 0.9 Ice Magic
 + Level 0.9 Air Magic
 + Level 0.9 Earth Magic
 + Level 0.9 Poison Magic
 + Level 4.7 Invocations
 + Level 1.1 Evocations


You had 5 spell levels left.
You didn't know any spells.
Your spell library contained the following spells:

 Spells                   Type           Power      Damage    Failure   Level
 Beastly Appendage        Tmut           4%         N/A       71%         1
 Wereblood                Tmut           2%         N/A       83%         2
 Spider Form              Tmut/Pois      1%         N/A       97%         3
 Ice Form                 Ice/Tmut       2%         N/A       100%        4

Inventory:

Hand Weapons
 a - a +1 spear
 b - a +0 trident (weapon)
   (You found it on level 3 of the Dungeon)
Missiles
 f - 19 stones
 g - 25 arrows
 k - 8 boomerangs of dispersal {=f!f}
 o - 23 sling bullets
Armour
 h - a +0 scale mail (worn)
   (You found it on level 1 of the Dungeon)
 j - a scarf of shadows (worn)
   (You found it on level 1 of the Dungeon)
Scrolls
 l - 2 scrolls of teleportation {@r4}
 m - a scroll of noise {unknown}
 p - a scroll of amnesia {unknown}
Potions
 d - a potion of haste {@q3}
 e - 2 potions of heal wounds {unknown}
 i - a potion of magic {unknown}
 n - a potion of curing {unknown}
Miscellaneous
 c - a condenser vane
   (You found it on level 2 of the Abyss)

Dungeon Overview and Level Annotations

Branches:
Dungeon (3/15)

Altars:
Cheibriados

....# #.. #.g........
.>..# ######.###gg>.......
......
...............g..........
....## ......
#####.###.......... ....#
......####...###..........
....#
#........................
#####
#.......................
#.......g..............
#.....ยงgg@......######
.......Sg.......#
######..........#
#..........# #..........#
#..........# ############


You could see 4 gnolls and a ball python.


Message History

๐Ÿ˜จ HP[+1]
Found a stone staircase leading down. ๐Ÿ˜จ HP[+1]
An orc comes into view. It is wielding a +0 club.
The orc shouts!
The orc closely misses you.
You hit the orc. The orc closely misses you.
You hit the orc.
You kill the orc!
Lugonu accepts your kill.
You see here a +0 club. ๐Ÿ˜จ HP[+1]
You hear the brisk rusting of a very distant drain. ๐Ÿ˜จ HP[+1]
Found a trident.
Found an escape hatch in the ceiling. ๐Ÿ˜จ HP[+1]
You now have 63 gold pieces (gained 8). ๐Ÿ˜จ HP[+1]
You see here a +0 trident.
b - a +0 trident
b - a +0 trident (weapon)
๐Ÿ˜จ HP[+1] ๐Ÿ˜ฎ HP[+1]
Found a snail-covered altar of Cheibriados.
m - a scroll labelled CAOHEG LOTOL ๐Ÿ˜ฎ HP[+1]
You hear the brisk rusting of a very distant drain. ๐Ÿ˜ฎ HP[+1]
The frilled lizard hisses angrily.
You see here a sapphire potion.
n - a sapphire potion The frilled lizard closely misses you.
You closely miss the frilled lizard. The frilled lizard closely misses you.
You barely miss the frilled lizard.
The frilled lizard bites you but does no damage.
You hit the frilled lizard.
You kill the frilled lizard!
Lugonu accepts your kill. ๐Ÿ˜ฎ HP[+1] ๐Ÿ˜ฎ HP[+1] ๐Ÿ˜ฎ HP[+1]
You see here a +0 dagger. ๐Ÿ˜ฎ HP[+1] ๐Ÿ˜ฎ HP[+1] ๐Ÿ˜ฎ HP[+1]
You hear the brisk rusting of a very distant drain.
You now have 70 gold pieces (gained 7). ๐Ÿ˜ฎ HP[+1] ๐Ÿ˜• HP[+1] ๐Ÿ˜• HP[+1] ๐Ÿ˜• HP[+1]
Found an escape hatch in the floor.
The gnoll shouts! x2; You hear a shout!
The gnoll shouts!
A ball python comes into view.
The ball python hisses angrily.
The gnoll hits you with a +0 halberd! ๐Ÿ˜ฎ HP[-8]
You take 8 damage, and now have 25/41 hp.
The gnoll hits you from afar with a +0 halberd!
* * * LOW HITPOINT WARNING * * *
๐Ÿ˜จ HP[-11]
You take 11 damage, and now have 14/41 hp.
MASSIVE DAMAGE!! (PAUSE) ๐Ÿ˜จ HP[+1]
You see here a scroll labelled SEUSOF OMUPPUM.
p - a scroll labelled SEUSOF OMUPPUM The gnoll hits you but does no damage.
You hear the quick rusting of a very distant drain.
The gnoll barely misses you. ๐Ÿ˜จ HP[+1]
The gnoll barely misses you. The ball python closely misses you.
The ball python grabs you.
* * * LOW HITPOINT WARNING * * *
The ball python constricts you. ๐Ÿ˜จ HP[-1]
You take 1 damage, and now have 15/41 hp.
The ball python's grasp on you weakens, but your attempt to escape fails.
The ball python bites you but does no damage.
The ball python constricts you.
The gnoll hits you from afar with a +0 halberd.
* * * LOW HITPOINT WARNING * * *
The ball python bites you but does no damage.
The ball python constricts you. The gnoll hits you with a +0 flail.
* * * LOW HITPOINT WARNING * * *
๐Ÿ˜ฑ HP[-6]
You take 6 damage, and now have 9/41 hp.
You escape the ball python's grasp.
The gnoll closely misses you.
Unknown command.
The gnoll hits you with a +0 flail.
* * * LOW HITPOINT WARNING * * *
๐Ÿ˜ฑ HP[-4]
You take 4 damage, and now have 5/41 hp.
Space bends around you!
You blink.
The gnoll hits you with a +1 spear of freezing.
* * * LOW HITPOINT WARNING * * *
The gnoll freezes you.
You die...

Skill      XL: |  1  2  3 |
---------------+----------+-----
Short Blades   | 1 |  1.1
Long Blades    | 1 |  1.1
Axes           | 1 |  1.1
Maces & Flails | 1 |  1.1
Staves         | 1 |  1.1
Slings         | 1 |  1.1
Bows           | 1 |  1.1
Crossbows      | 1 |  1.1
Throwing       | 1 |  1.1
Stealth        | 1 |  1.1
Shields        | 1 |  1.1
Unarmed Combat | 1 |  1.1
Spellcasting   | 1 |  1.1
Evocations     | 1 |  1.1
Fighting       | |  6.6
Polearms       | |  4.6
Armour         | |  4.6
Dodging        | |  2.7
Conjurations   | |  0.9
Hexes          | |  0.9
Summonings     | |  0.9
Necromancy     | |  0.9
Translocations | |  0.9
Transmutations | |  0.9
Fire Magic     | |  0.9
Ice Magic      | |  0.9
Air Magic      | |  0.9
Earth Magic    | |  0.9
Poison Magic   | |  0.9
Invocations    | |  4.7

Action                   |  1- 3 |  4- 6 || total
-------------------------+-------+-------++-------
Melee: Spear             |   185 |    54 ||   239
       Bite              |    10 |     2 ||    12
       Trident           |       |     3 ||     3
Invok: Depart the Abyss  |     1 |       ||     1
       Bend Space        |       |     1 ||     1
  Use: Scroll            |     1 |     2 ||     3
 Stab: Sleeping          |     2 |       ||     2
Armor: Leather armour    |    18 |       ||    18
       Scale mail        |    53 |    37 ||    90
Dodge: Dodged            |    64 |    41 ||   105

Levels and vault maps discovered:
D:1:      mushboom_english_gardens, layout_basic, basic_ecumenical_altar,
          amcnicky_mini_corridor_feature
D:2:      layout_loops_corners
D:3:      layout_rooms, old_standard_altar, portal_sewer_entry_e

Notes
Turn   | Place    | Note
-------+----------+-------------------------------------------
     0 | Abyss:1  | spiderkeys the Gnoll Abyssal Knight began the quest for the
                  | Orb.
     0 | Abyss:1  | Reached XP level 1. HP: 23/23 MP: 3/3
     0 | Abyss:1  | magus.rc [v1.9.10]
    17 | Abyss:2  | Found a corrupted altar of Lugonu.
    41 | Abyss:2  | Noticed a small abomination
    86 | Abyss:2  | Noticed a thrashing horror
    89 | D:1      | You pass through the gate.
    89 | D:1      | Escaped the Abyss
   129 | D:1      | Reached * piety under Lugonu
   130 | D:1      | Reached XP level 2. HP: 16/29 MP: 5/5
   412 | D:1      | You pick up a book of Changes and begin reading...
   412 | D:1      | You add the spells Beastly Appendage, Wereblood, Spider
                  | Form and Ice Form to your library.
   528 | D:1      | Found a faded altar of an unknown god.
   811 | D:1      | Reached XP level 3. HP: 31/35 MP: 6/6
  1831 | D:2      | Reached skill level 1 in Short Blades
  1831 | D:2      | Reached skill level 1 in Long Blades
  1831 | D:2      | Reached skill level 1 in Axes
  1831 | D:2      | Reached skill level 1 in Maces & Flails
  1831 | D:2      | Reached skill level 1 in Staves
  1831 | D:2      | Reached skill level 1 in Slings
  1831 | D:2      | Reached skill level 1 in Bows
  1831 | D:2      | Reached skill level 1 in Crossbows
  1831 | D:2      | Reached skill level 1 in Throwing
  1831 | D:2      | Reached skill level 1 in Stealth
  1831 | D:2      | Reached skill level 1 in Shields
  1831 | D:2      | Reached skill level 1 in Unarmed Combat
  1831 | D:2      | Reached skill level 1 in Spellcasting
  1831 | D:2      | Reached skill level 1 in Evocations
  1843 | D:2      | Reached ** piety under Lugonu
  1844 | D:2      | Reached XP level 4. HP: 34/41 MP: 7/7
  2306 | D:3      | HP: 6/41 [gnoll (9)]
  2689 | D:3      | Found a snail-covered altar of Cheibriados.
  2804 | D:3      | HP: 9/41 [gnoll (3)]
  2807 | D:3      | HP: 1/41 [gnoll (2)]
  2807 | D:3      | Slain by a gnoll

Vanquished Creatures
  An adder (D:2)
  A worm (D:2)
  3 orcs (D:3)
  3 ball pythons
  8 endoplasms
  3 giant cockroaches
  A goblin (D:1)
  7 hobgoblins
  4 jackals (D:1)
  6 kobolds
  3 quokkas
  6 bats
  4 frilled lizards
  10 rats
60 creatures vanquished.

Table legend:
 A = Non-vault XP
 B = Vault XP
 C = Vault XP percentage of total XP
 D = Non-vault monster count
 E = Vault monster count
 F = Vault count percentage of total count
                 A         B        C        D         E       F
            +---------+---------+-------+---------+---------+-------
      Total |     117 |       0 |   0.0 |      60 |       0 |   0.0
            +---------+---------+-------+---------+---------+-------
        D:1 |      51 |       0 |   0.0 |      30 |       0 |   0.0
        D:2 |      47 |       0 |   0.0 |      20 |       0 |   0.0
        D:3 |      19 |       0 |   0.0 |      10 |       0 |   0.0
            +---------+---------+-------+---------+---------+-------

Illustrated notes

Table legend:
 A = Kills in this place as a percentage of kills in entire the game.
 B = Kills by you in this place as a percentage of kills by you in the entire game.
 C = Kills by friends in this place as a percentage of kills by friends in the entire game.
 D = Other kills in this place as a percentage of other kills in the entire game.
 E = Experience gained in this place as a percentage of experience gained in the entire game.
 F = Experience gained in this place divided by the number of levels of this place that you have seen.
                   A       B       C       D       E      F
               +-------+-------+-------+-------+-------+----------------------
         Total | 100.0 | 100.0 |   N/A |   N/A | 100.0 |  23.4
       Dungeon | 100.0 | 100.0 |   N/A |   N/A | 100.0 |  39.0
               +-------+-------+-------+-------+-------+----------------------

Table legend: (Time is in decaauts)
 A = Elapsed time spent in this place.
 B = Non-inter-level travel time spent in this place.
 C = Inter-level travel time spent in this place.
 D = Time resting spent in this place.
 E = Time spent auto-exploring this place.
 F = Levels seen in this place.
 G = Mean time per level.
                   A        B        C        D        E       F      G
               +--------+--------+--------+--------+--------+-----+--------+
         Total |   2776 |   2649 |    127 |    267 |   1746 |   5 |  555.2 |
       Dungeon |   2687 |   2560 |    127 |    267 |   1746 |   3 |  895.7 |
         Abyss |     88 |     88 |      0 |      0 |      0 |   2 |   44.0 |
               +--------+--------+--------+--------+--------+-----+--------+

Top non-repeatable levels by time:
     D:2: 1311 daAuts
     D:1: 1123 daAuts
     D:3: 252 daAuts
 Abyss:2: 71 daAuts
 Abyss:1: 17 daAuts
